 Dungeon Crawl Stone Soup version 0.23-b1-84-g6588a6b (webtiles) character file.

Game seed: 14149637549243419818

198 swicky the Chopper (level 5, -7/47 HPs)
             Began as a Hill Orc Fighter on Feb 10, 2019.
             Killed from afar by Dowan (10 damage)
             ... with a puff of flame
             ... on level 4 of the Dungeon.
             The game lasted 00:09:12 (2093 turns).

swicky the Chopper (Hill Orc Fighter)               Turns: 2093, Time: 00:09:12

Health: -7/47      AC:  7    Str: 25    XL:     5   Next: 77%
Magic:  5/5        EV:  8    Int:  8    God:
Gold:   179        SH: 10    Dex: 10    Spells: 4/4 levels left

rFire    . . .     SeeInvis .   a - +0 war axe
rCold    . . .     Gourm    .   c - +0 shield
rNeg     . . .     Faith    .   b - +0 scale mail
rPois    .         Spirit   .   (no helmet)
rElec    .         Reflect  .   (no cloak)
rCorr    +         Harm     .   (no gloves)
MR       .....                  (no boots)
Stlth    ..........             n - amulet of inaccuracy (curse)
HPRegen  0.15/turn              g - ring of resist corrosion
MPRegen  0.09/turn              m - ring of flight

@: mighty, flying, glowing
A: no striking features
a: no special abilities


You were on level 4 of the Dungeon.
You were very hungry.

You visited 1 branch of the dungeon, and saw 4 of its levels.

You collected 179 gold pieces.

Inventory:

Hand Weapons
 a - a +0 war axe (weapon)
Armour
 b - a +0 scale mail (worn)
 c - a +0 shield (worn)
Jewellery
 g - a ring of resist corrosion (left hand)
 m - a ring of flight (right hand)
 n - a cursed amulet of inaccuracy (around neck)
Wands
 t - a wand of iceblast (8)
Scrolls
 e - 3 scrolls of immolation
 h - a scroll of fear {unknown}
 i - a scroll of fog {unknown}
 o - a scroll of teleportation {unknown}
 r - a scroll of noise {unknown}
 s - 2 scrolls of identify {unknown}
Potions
 d - a potion of might
 l - a potion of ambrosia {unknown}
 p - a potion of berserk rage {unknown}
 q - a potion of brilliance {unknown}
Comestibles
 f - 5 rations


   Skills:
 + Level 4.5 Fighting
 + Level 4.8 Axes
 + Level 4.3 Armour
 + Level 0.8 Dodging
 + Level 0.5 Stealth
 + Level 4.1 Shields


You had 4 spell levels left.
You didn't know any spells.
Your spell library was empty.

Dungeon Overview and Level Annotations

Branches:
Dungeon (4/15)
 Temple: D:4-7

Altars:
Trog
Uskayaw

Annotations:
D:4 Dowan, Duvessa


Message History

Duvessa hits you with a +0 short sword.
* * * LOW HITPOINT WARNING * * *
You feel better. You block Duvessa's attack.
Dowan mumbles some strange words.
Dowan blinks!
You miss Duvessa.
Duvessa is almost dead.
Duvessa hits you but does no damage. Duvessa hits you with a +0 short sword.
* * * LOW HITPOINT WARNING * * *
You miss Duvessa.
Duvessa is almost dead.
Duvessa hits you with a +0 short sword!
* * * LOW HITPOINT WARNING * * *
Duvessa hits you but does no damage.
It was a potion of flight.
You feel very buoyant.
You fly up into the air.
Duvessa hits you but does no damage. x2
Dowan points at you and mumbles some strange words.
The puff of flame hits you!
You die...

######## ###......
#..e..#
###########.#@#
#.............#.##
#.######..e$........
#.######.##.....###.
#........########
#..####### #..# #..#
##..#


You could see Duvessa (inner flame) and Dowan (inner flame).

Vanquished Creatures
  Crazy Yiuf (D:2)
  A hound (D:2)
  5 adders
  4 worms (D:2)
  A dart slug (D:1)
  2 leopard geckos
  2 giant cockroaches (D:2)
  12 goblins
  13 hobgoblins
  6 jackals
  A quokka (D:3)
  3 ball pythons
  8 bats
  5 frilled lizards
  10 kobolds
  5 rats
79 creatures vanquished.

Notes
Turn   | Place    | Note
-------+----------+-------------------------------------------
     0 | D:1      | swicky the Hill Orc Fighter began the quest for the Orb.
     0 | D:1      | Reached XP level 1. HP: 19/19 MP: 1/1
    34 | D:1      | Reached XP level 2. HP: 20/27 MP: 2/2
   209 | D:1      | Reached XP level 3. HP: 23/33 MP: 3/3
   606 | D:2      | Found a hide-covered altar of Uskayaw.
   638 | D:2      | Found a bloodstained altar of Trog.
   714 | D:2      | Reached XP level 4. HP: 34/40 MP: 4/4
   925 | D:2      | Reached XP level 5. HP: 29/46 MP: 5/5
  1254 | D:2      | Found a runed translucent door.
  1255 | D:2      | Noticed Crazy Yiuf
  1262 | D:2      | Killed Crazy Yiuf
  2059 | D:4      | Noticed Dowan
  2060 | D:4      | Noticed Duvessa
  2088 | D:4      | HP: 1/47 [Dowan/+0 dagger (4)]
  2093 | D:4      | Killed from afar by Dowan

Skill      XL: |  1  2  3  4  5 |
---------------+----------------+-----
Axes           | 3 4 |  4.8
Fighting       | 4 |  4.5
Shields        | 4 |  4.1
Armour         | 4 |  4.3
Dodging        | |  0.8
Stealth        | |  0.5

Action                   |  1- 3 |  4- 6 || total
-------------------------+-------+-------++-------
Melee: War axe           |   112 |   192 ||   304
  Use: Potion            |     2 |     6 ||     8
       Scroll            |       |     1 ||     1
 Stab: Sleeping          |     1 |       ||     1
  Eat: Ration            |       |     1 ||     1
Armor: Scale mail        |    60 |   102 ||   162
Dodge: Dodged            |    48 |    69 ||   117
Block: Shield            |    72 |   120 ||   192
